 Dungeon Crawl Stone Soup version 0.23.0 (webtiles) character file.

Game seed: 727027645965664020

3399 MalarOregon the Transmogrifier (level 10, -1/79 HPs)
             Began as a Merfolk Transmuter on Feb 12, 2019.
             Slain by an ogre
             ... wielding a +0 giant club
              (30 damage)
             ... on level 7 of the Dungeon.
             The game lasted 00:17:30 (8444 turns).

MalarOregon the Transmogrifier (Merfolk Transmuter) Turns: 8444, Time: 00:17:31

Health: -1/79      AC:  2    Str: 14    XL:     10   Next: 4%
Magic:  17/17      EV: 13    Int: 15    God:
Gold:   512        SH:  0    Dex: 15    Spells: 2/18 levels left

rFire    . . .     SeeInvis .   w - +1 arbalest (freeze)
rCold    . . .     Gourm    .   (shield currently unavailable)
rNeg     . . .     Faith    .   b - +0 robe
rPois    .         Spirit   .   (no helmet)
rElec    .         Reflect  .   (no cloak)
rCorr    .         Harm     .   (no gloves)
MR       .....                  (no boots)
Stlth    +.........             (no amulet)
HPRegen  0.23/turn              v - +3 ring of strength
MPRegen  0.15/turn              (no ring)

@: no status effects
A: change form in water, swift swim, stealthy swim
a: no special abilities


You were on level 7 of the Dungeon.
You were not hungry.

You visited 1 branch of the dungeon, and saw 7 of its levels.

You collected 512 gold pieces.

Inventory:

Hand Weapons
 w - a +1 arbalest of freezing (weapon)
   (You found it on level 3 of the Dungeon)
Missiles
 a - 70 arrows
 M - 19 bolts (quivered)
Armour
 b - a +0 robe (worn)
 I - a +1 pair of gloves
   (You found it on level 5 of the Dungeon)
 J - a scarf of repulsion
   (You found it on level 6 of the Dungeon)
 P - a cursed -1 cloak
   (You took it off Crazy Yiuf on level 7 of the Dungeon)
Jewellery
 t - an uncursed ring of positive energy
   (You took it off a hobgoblin on level 2 of the Dungeon)
 v - a +3 ring of strength (left hand)
   (You found it on level 2 of the Dungeon)
 C - a +3 ring of evasion {unknown}
   (You found it on level 4 of the Dungeon)
 H - an uncursed ring of resist corrosion {unknown}
   (You found it on level 5 of the Dungeon)
 K - an uncursed ring of resist corrosion {unknown}
   (You found it on level 5 of the Dungeon)
 L - an uncursed ring of fire {unknown}
   (You found it on level 5 of the Dungeon)
Wands
 c - a wand of disintegration (12)
   (You found it on level 2 of the Dungeon)
 s - a wand of polymorph (10)
   (You found it on level 2 of the Dungeon)
 u - a wand of paralysis (12)
   (You found it on level 6 of the Dungeon)
 x - a wand of acid (21)
   (You found it on level 5 of the Dungeon)
Scrolls
 i - 2 scrolls of noise {unknown}
 j - 3 scrolls of amnesia {unknown}
 k - a scroll of random uselessness {unknown}
 n - 2 scrolls of fear {unknown}
 o - 3 scrolls of enchant armour {unknown}
 p - 5 scrolls of teleportation {unknown}
 q - 4 scrolls of enchant weapon {unknown}
 r - 4 scrolls of blinking {unknown}
 y - 4 scrolls of immolation {unknown}
 B - 2 scrolls of magic mapping {unknown}
 D - 3 scrolls of remove curse {unknown}
 E - a scroll of fog {unknown}
 N - 5 scrolls of identify {unknown}
Potions
 d - 3 potions of might {unknown}
 f - a potion of cancellation {unknown}
 g - 3 potions of lignification {unknown}
 h - 2 potions of degeneration {unknown}
 l - 3 potions of brilliance {unknown}
 m - 2 potions of curing {unknown}
 z - a potion of heal wounds {unknown}
 A - 2 potions of invisibility {unknown}
 F - a potion of resistance {unknown}
 G - 3 potions of flight {unknown}
 Q - a potion of haste {unknown}
Comestibles
 e - 17 rations {!d}
 O - 2 chunks of flesh


   Skills:
 * Level 7.5 Fighting
 - Level 2.6 Dodging
 * Level 8.2 Unarmed Combat
 + Level 4.7 Spellcasting
 + Level 2.2 Hexes
 * Level 9.4 Transmutations
 + Level 2.5 Ice Magic
 + Level 4.0 Poison Magic


You had 2 spell levels left.
You knew the following spells:

 Your Spells              Type           Power        Failure   Level  Hunger
a - Beastly Appendage     Tmut           ####..       1%          1    None
b - Blade Hands           Tmut           ####......   10%         5    ######.
c - Ice Form              Ice/Tmut       ###.....     14%         4    ####...
d - Confusing Touch       Hex            ##....       7%          1    None
s - Sticks to Snakes      Tmut           ####....     1%          2    ##.....
x - Spider Form           Tmut/Pois      ###.......   3%          3    ###....

Your spell library contained the following spells:

 Spells                   Type           Power        Failure   Level  Hunger
 Freeze                   Ice            ##..         6%          1    None
 Throw Frost              Conj/Ice       #.....       16%         2    ##.....
 Animate Skeleton         Necr           N/A          17%         1    None
 Apportation              Tloc           #.....       17%         1    None
 Summon Small Mammal      Summ           #...         17%         1    None
 Confuse                  Hex            ##......     21%         3    ###....
 Petrify                  Tmut/Erth      ###.....     24%         4    ####...
 Ozocubu's Armour         Chrm/Ice       #.......     30%         3    ###....
 Yara's Violent Unravell  Hex/Tmut       ###.......   38%         5    ######.
 Gell's Gravitas          Tloc           #.........   45%         3    ###....
 Summon Ice Beast         Ice/Summ       #.......     69%         4    ####...
 Throw Icicle             Conj/Ice       #.......     69%         4    ####...
 Metabolic Englaciation   Hex/Ice        ##........   87%         5    ######.


Dungeon Overview and Level Annotations

Branches:
Dungeon (7/15)
 Temple: D:4-7

Altars:
Ashenzari
Gozag
Ru
Trog
Xom

Annotations:
D:7 Harold


Message History

You hit the orc.
You kill the orc!
The orc warrior completely misses you.
You hit the orc wizard.
The orc wizard is poisoned.
The orc wizard closely misses you.
You hit the orc wizard.
The orc wizard looks as sick as possible!
The orc warrior completely misses you.
You barely miss the orc wizard.
You kill the orc wizard!
Harold says, "Ah, this is what I got into this business for!"
The orc warrior closely misses you. The orc warrior barely misses you.
Items here: )) [[ † a +0 dagger; a +0 robe; a +0 club; a +0 leather armour; an orc corpse You hit Harold.
Harold is poisoned.
Harold hits you with a +0 hand axe!
You hit Harold but do no damage.
Harold looks as sick as possible!
The orc warrior hits you with a +0 halberd.
Harold closely misses you.
You hit Harold but do no damage.
Harold looks as sick as possible!
The orc warrior hits you with a +0 halberd!
Harold asks, "Do you mind if I name my boat the 'MalarOregon'?
Your head will be paying for it, after all."
Harold hits you but does no damage.
You hit Harold. The orc warrior completely misses you.
Harold gestures at you while chanting. The harpoon shot hits you!
You are yanked forward by the harpoon shot.
Items here: )) [[ † a +0 dagger; a +0 robe; a +0 club; a +0 leather armour; an orc corpse Harold throws a throwing net.
The throwing net completely misses you.
The orc warrior hits you from afar with a +0 halberd!
* * * LOW HITPOINT WARNING * * *
Harold throws a throwing net.
The throwing net completely misses you.
Unknown command.
The orc warrior completely misses you.
Your transformation is almost over.
Your transformation has ended.
Your +1 arbalest of freezing unmelds from your body.
Your +0 robe unmelds from your body.
Your +1 arbalest of freezing is covered in frost.
The orc warrior hits you from afar with a +0 halberd!
* * * LOW HITPOINT WARNING * * *
An ogre comes into view. It is wielding a +0 giant club.
The ogre shouts!
There is an open door here.
Harold looks more healthy.
There is an open door here.
Harold shouts, "Can you die now?
I had plans for the rest of the day!"
The ogre hits you with a +0 giant club!!
You die...

#........##.##
####.#.#.#####..# #
##............##.#
#...#.#.#.###.##.#
##########...# #.##.#
#8##8##8##.#####.##.#
.........'o@...o..#.#
#8##8##8########O.#.#
##########).....@...#
#.......########..###
#...<...# #..#
##....##########..#
###.#.÷...........# #
#....##########.# #
####...# #.# # #.#.##
#.# # #....# ####.#


You could see an orc warrior and an ogre.

Vanquished Creatures
  A two-headed ogre (D:6)
  Pikel (D:7)
  A hornet zombie (D:7)
  An ice beast (D:7)
  5 ogres
  A centaur (D:5)
  3 bullfrogs (D:6)
  5 scorpions
  A howler monkey (D:4)
  2 wights (D:6)
  A crimson imp (D:5)
  2 hounds
  2 orc priests
  Crazy Yiuf (D:7)
  A centaur skeleton (D:5)
  2 jellies
  9 orc wizards
  Terence (D:3)
  5 worker ants
  A killer bee zombie (D:5)
  A hound zombie (D:5)
  A hound skeleton (D:5)
  A worker ant zombie (D:7)
  5 gnolls
  10 adders
  An adder zombie (D:7)
  2 adder skeletons
  3 worms
  3 dart slugs
  7 leopard geckos
  19 orcs
  10 bats
  5 giant cockroaches
  10 goblins
  8 hobgoblins
  18 jackals
  12 kobolds
  2 quokkas
  5 ball pythons
  6 frilled lizards
  A jackal zombie (D:5)
  A leopard gecko skeleton (D:4)
  A quokka skeleton (D:5)
  8 rats
186 creatures vanquished.

Vanquished Creatures (collateral kills)
  An ogre (D:2)
  A wight (D:6)
2 creatures vanquished.

Vanquished Creatures (others)
  A slave (D:7)
  A hound (D:7)
  A jackal (D:7)
3 creatures vanquished.

Grand Total: 191 creatures vanquished

Notes
Turn   | Place    | Note
-------+----------+-------------------------------------------
     0 | D:1      | MalarOregon the Merfolk Transmuter began the quest for the
                  | Orb.
     0 | D:1      | Reached XP level 1. HP: 15/15 MP: 3/3
    66 | D:1      | Reached skill level 3 in Transmutations
    90 | D:1      | Reached XP level 2. HP: 21/21 MP: 3/5
   102 | D:1      | Learned a level 2 spell: Sticks to Snakes
   725 | D:1      | Reached XP level 3. HP: 16/27 MP: 6/6
   856 | D:1      | Found a shattered altar of Ashenzari.
  1544 | D:2      | Noticed an ogre
  1639 | D:2      | Reached XP level 4. HP: 27/34 MP: 5/7
  2139 | D:2      | Killed an ogre
  2139 | D:2      | Reached skill level 4 in Transmutations
  2139 | D:2      | Reached XP level 5. HP: 40/40 MP: 0/8
  2383 | D:1      | Learned a level 3 spell: Spider Form
  2784 | D:2      | Found a sacrificial altar of Ru.
  3294 | D:3      | Noticed Terence
  3298 | D:3      | Reached XP level 6. HP: 47/47 MP: 4/10
  3308 | D:3      | Killed Terence
  3414 | D:3      | Found an opulent altar of Gozag.
  3543 | D:3      | Reached skill level 5 in Transmutations
  3693 | D:4      | Reached skill level 5 in Unarmed Combat
  3981 | D:4      | Reached XP level 7. HP: 42/54 MP: 8/11
  4457 | D:4      | Reached skill level 6 in Transmutations
  4657 | D:5      | Entered Level 5 of the Dungeon
  4680 | D:5      | Reached skill level 1 in Poison Magic
  5026 | D:5      | Reached skill level 5 in Fighting
  5026 | D:5      | Reached XP level 8. HP: 56/62 MP: 9/13
  5289 | D:5      | Reached skill level 7 in Transmutations
  5944 | D:6      | Found a bloodstained altar of Trog.
  5998 | D:6      | Reached skill level 8 in Transmutations
  5998 | D:6      | Reached XP level 9. HP: 44/69 MP: 10/15
  6309 | D:5      | Learned a level 4 spell: Ice Form
  6315 | D:5      | Learned a level 5 spell: Blade Hands
  6317 | D:5      | Learned a level 1 spell: Confusing Touch
  6618 | D:5      | Reached skill level 1 in Ice Magic
  6780 | D:6      | Noticed a two-headed ogre
  6830 | D:6      | Killed a two-headed ogre
  6830 | D:6      | Reached skill level 1 in Hexes
  6988 | D:6      | Found a shimmering altar of Xom.
  7291 | D:6      | Found a radiant altar of Vehumet.
  7291 | D:6      | Found a white marble altar of Elyvilon.
  7293 | D:6      | Found a sparkling altar of Nemelex Xobeh.
  7293 | D:6      | Found a shimmering altar of Xom.
  7293 | D:6      | Found a bloodstained altar of Trog.
  7342 | D:7      | Noticed Pikel
  7361 | D:7      | Killed Pikel
  7361 | D:7      | Reached skill level 9 in Transmutations
  7825 | D:7      | Reached XP level 10. HP: 21/79 MP: 13/17
  8233 | D:7      | Found a runed translucent door.
  8234 | D:7      | Noticed Crazy Yiuf
  8269 | D:7      | Killed Crazy Yiuf
  8374 | D:7      | Noticed Harold
  8444 | D:7      | Slain by an ogre

Skill      XL: |  1  2  3  4  5  6  7  8  9 |
---------------+----------------------------+-----
Transmutations | 3 4 5 6 8 9 |  9.4
Fighting       | 2 3 4 5 6 7 |  7.5
Unarmed Combat | 4 5 6 7 8 |  8.2
Spellcasting   | 3 4 |  4.7
Poison Magic   | 1 2 4 |  4.0
Ice Magic      | 2 |  2.5
Hexes          | 2 |  2.2
Dodging        | |  2.6

Action                   |  1- 3 |  4- 6 |  7- 9 | 10-12 || total
-------------------------+-------+-------+-------+-------++-------
Melee: Unarmed           |   124 |   154 |   293 |    21 ||   592
       Headbutt          |    14 |     8 |       |       ||    22
       Punch             |     2 |     1 |       |       ||     3
 Cast: Beastly Appendage |    17 |    10 |     1 |       ||    28
       Sticks to Snakes  |       |     4 |     4 |       ||     8
       Spider Form       |       |    16 |    42 |     5 ||    63
Evoke: Wand              |       |       |     2 |       ||     2
 Stab: Sleeping          |     1 |     1 |     1 |       ||     3
  Eat: Chunk             |     3 |    11 |    16 |     1 ||    31
       Ration            |       |       |       |     1 ||     1
Armor: Robe              |    16 |    14 |     1 |       ||    31
       Skin              |       |     4 |    11 |     1 ||    16
Dodge: Dodged            |   107 |   120 |   262 |    17 ||   506
